 Dungeon Crawl Stone Soup version 0.28-a0-881-gae16bb6c82 (webtiles) character file.

Game seed: 11876555997920164178

0 Gargoyl the Skirmisher (level 1, -1/23 HPs)
             Began as a Gnoll Abyssal Knight on Nov 21, 2021.
             Was a Follower of Lugonu.
             Slain by a small abomination (14 damage)
             ... summoned by a glowing orange brain
             ... on level 3 of the Abyss.
             The game lasted 00:00:27 (157 turns).

Gargoyl the Skirmisher (Gnoll Abyssal Knight)        Turns: 157, Time: 00:00:27

Health: -1/23      AC:  3    Str: 12      XL:     1   Next: 0%
Magic:  3/3        EV: 12    Int:  8 (9)  God:    Lugonu [*.....]
Gold:   39         SH:  0    Dex: 12      Spells: 0/0 levels left

rFire   . . .      SeeInvis .   a - +1 hand axe
rCold   . . .      Faith    .   (no shield)
rNeg    . . .      Spirit   .   b - +0 leather armour
rPois   .          Reflect  .   (no helmet)
rElec   .          Harm     .   (no cloak)
rCorr   .          Rampage  .   (no gloves)
Will    .....                   (no boots)
Stlth   +.........              (no amulet)
HPRegen 0.07/turn               (no ring)
MPRegen 0.08/turn               (no ring)

@: confused
A: fangs 1, strong nose, distributed training
a: Renounce Religion, Depart the Abyss


You were on level 3 of the Abyss.
You worshipped Lugonu.
Lugonu was aware of your devotion.
You visited 0 branches of the dungeon, and saw 0 of its levels.
You visited the Abyss 1 time.

You collected 39 gold pieces.

Inventory:

Hand Weapons
 a - a +1 hand axe (weapon)
Armour
 b - a +0 leather armour (worn)


   Skills:
 + Level 6.4 Fighting
 + Level 0.0 Short Blades
 + Level 0.0 Long Blades
 + Level 4.4 Axes
 + Level 0.0 Maces & Flails
 + Level 0.0 Polearms
 + Level 0.0 Staves
 + Level 0.0 Slings
 + Level 0.0 Bows
 + Level 0.0 Crossbows
 + Level 0.0 Throwing
 + Level 4.4 Armour
 + Level 2.3 Dodging
 + Level 0.0 Stealth
 + Level 0.0 Shields
 + Level 0.0 Unarmed Combat
 + Level 0.0 Spellcasting
 + Level 0.0 Conjurations
 + Level 0.0 Hexes
 + Level 0.0 Summonings
 + Level 0.0 Necromancy
 + Level 0.0 Translocations
 + Level 0.0 Transmutations
 + Level 0.0 Fire Magic
 + Level 0.0 Ice Magic
 + Level 0.0 Air Magic
 + Level 0.0 Earth Magic
 + Level 0.0 Poison Magic
 + Level 4.4 Invocations
 + Level 0.0 Evocations


You couldn't memorise any spells.
You didn't know any spells.
Your spell library was empty.

Dungeon Overview and Level Annotations

Branches:
Dungeon (0/15)

Altars:


Innate Abilities, Weirdness & Mutations

You have very sharp teeth.
Your uncanny sense of smell can sniff out nearby items.
Your experience applies equally to all skills.


Message History

The neqoxec gestures at you.
You feel dopey. Something feeds on your intellect!
You are suddenly pulled into a different region of the Abyss!
Found a green potion.
c - a green potion It was a potion of curing.
You feel better.
Found a gateway leading deeper into the Abyss.
There is a gateway leading deeper into the Abyss here.
You plunge deeper into the Abyss.
Found a gateway leading deeper into the Abyss.
Found a scroll labelled VIT SEWOWNUZA and 29 stones.
There is a gateway leading deeper into the Abyss here.
A tentacled starspawn comes into view.
You see here a scroll labelled VIT SEWOWNUZA.
Okay, then.
As you read the scroll labelled VIT SEWOWNUZA, it crumbles to dust.
You hear a loud clanging noise!
It was a scroll of noise.
You hear a croak.
Unknown command.
Tentacles burst from the starspawn's body! 2 starspawn tentacles come into view.
A large abomination comes into view.
There is a gateway leading deeper into the Abyss here.
You plunge deeper into the Abyss.
The abyssal rune of Zot can be found at this depth.
Found 30 gold pieces.
You now have 39 gold pieces (gained 30).
A glowing orange brain comes into view.
The glowing orange brain turns its attention towards you.
The glowing orange brain pulsates.
The glowing orange brain pulsates.
You are confused.
You're too confused to move!
The glowing orange brain blinks!
There are no items here.
The small abomination hits you!
You're too confused to move!
The small abomination hits you!
Ouch! That really hurt!
You die...

. # #≈## .# ≈≈## ###
..#.. ≈..# ..##.....
#≈.#............ #
#♣..#..##.#....
#≈♣.?.#....... .
#.....@.#.#... .# .
...#.#.#*x.##..#..#..
#
.#......3#.....#..#.
#.....G......##....
##............. ....
#.#..#.......##.....
#.#..#...#..#..#....
##....#.#..... .
#.....#..... ..#


You could see a wretched star (summoned), a glowing orange brain, a ynoxinul
(summoned) and a small abomination (summoned).

Vanquished Creatures (others)
  2 starspawn tentacles (Abyss:2)
2 creatures vanquished.

Notes
Turn   | Place    | Note
-------+----------+-------------------------------------------
     0 | Abyss:1  | Gargoyl the Gnoll Abyssal Knight began the quest for the
                  | Orb.
     0 | Abyss:1  | Reached XP level 1. HP: 23/23 MP: 3/3
    54 | Abyss:1  | Noticed a neqoxec
   130 | Abyss:2  | Noticed a tentacled starspawn
   135 | Abyss:2  | Noticed a large abomination
   147 | Abyss:3  | Noticed a glowing orange brain
   152 | Abyss:3  | Noticed a wretched star
   152 | Abyss:3  | Noticed a ynoxinul
   153 | Abyss:3  | Noticed a small abomination
   157 | Abyss:3  | Slain by a small abomination

Illustrated notes

Levels and vault maps discovered:
Abyss:3:  base:
Temple

Action                   || total
-------------------------++-------
  Use: Scroll            ||     2
       Potion            ||     1

Table legend: (Time is in decaauts)
 A = Elapsed time spent in this place.
 B = Non-inter-level travel time spent in this place.
 C = Inter-level travel time spent in this place.
 D = Time resting spent in this place.
 E = Time spent auto-exploring this place.
 F = Levels seen in this place.
 G = Mean time per level.
                   A        B        C        D        E       F      G
               +--------+--------+--------+--------+--------+-----+--------+
         Total |    156 |    156 |      0 |      0 |     96 |   3 |   52.0 |
         Abyss |    156 |    156 |      0 |      0 |     96 |   3 |   52.0 |
               +--------+--------+--------+--------+--------+-----+--------+

Top non-repeatable levels by time:
 Abyss:1: 115 daAuts
 Abyss:2: 24 daAuts
 Abyss:3: 16 daAuts
